 Dungeon Crawl Stone Soup version 0.19.5 (webtiles) character file.

212 Hogrash the Chopper (level 5, -3/42 HPs)
             Began as a Hill Orc Gladiator on Apr 3, 2017.
             Slain by an ogre
             ... wielding a +0 giant club
              (5 damage)
             ... on level 4 of the Dungeon.
             The game lasted 00:04:26 (2708 turns).

Hogrash the Chopper (Hill Orc Gladiator)            Turns: 2708, Time: 00:04:27

Health: -3/42      AC: 11    Str: 18    XL:     5   Next: 90%
Magic:  5/5        EV:  8    Int:  8    God:
Gold:   179        SH:  0    Dex: 12    Spells: 0 memorised, 4 levels left

rFire  . . .     SeeInvis .     a - +0 war axe
rCold  . . .     Gourm    .     B - +0 chain mail
rNeg   . . .     Faith    .     (no shield)
rPois  +         Spirit   .     e - +0 helmet
rElec  .         Reflect  .     i - +0 cloak
rCorr  .         Harm     .     (no gloves)
MR     .....                    (no boots)
Stlth  ..........               (no amulet)
                                (no ring)
                                r - ring of poison resistance

@: no status effects
A: no striking features
a: no special abilities


You were on level 4 of the Dungeon.
You were not hungry.

You visited 1 branch of the dungeon, and saw 4 of its levels.

You collected 179 gold pieces.

Inventory:

Hand Weapons
 a - a +0 war axe (weapon)
Missiles
 d - 3 throwing nets (quivered)
Armour
 b - a +0 leather armour
 c - a +0 helmet
 e - a +0 helmet (worn)
 i - a +0 cloak (worn)
 j - a +0 scale mail
 n - a +0 plate armour
 B - a +0 chain mail (worn)
Jewellery
 r - a ring of poison resistance (left hand)
 y - an uncursed ring of fire
Wands
 w - a wand of random effects (44/48)
Scrolls
 h - a scroll of amnesia
 k - 2 scrolls of identify
 o - a scroll of recharging
 s - a scroll of enchant weapon {unknown}
 t - a scroll of enchant armour {unknown}
 u - a scroll of remove curse
 v - a scroll of magic mapping {unknown}
 x - 4 scrolls of teleportation {unknown}
Potions
 g - a potion of might {unknown}
 l - 2 potions of cancellation
 m - a potion of resistance {unknown}
 p - 4 potions of curing {unknown}
 q - a potion of heal wounds {unknown}
Comestibles
 f - 2 bread rations
 z - 4 beef jerkies
 A - a chunk of flesh


   Skills:
 - Level 2.4 Fighting
 + Level 7.7 Axes
 - Level 1.7 Throwing
 + Level 2.3 Armour
 - Level 2.4 Dodging


You had 4 spell levels left.
You didn't know any spells.

Dungeon Overview and Level Annotations

Branches:
Dungeon (4/15)
 Temple: D:4-7

Altars:
Fedhas

Annotations:
D:2 Sigmund


Message History

No target in view!
z - 4 beef jerkies (gained 1)
An ogre comes into view. It is wielding a giant club.
The ogre shouts!
The ogre hits you with a giant club!
You hit the ogre.
The ogre is moderately wounded.
The ogre hits you but does no damage.
You hit the ogre.
The ogre is moderately wounded.
You hit the ogre.
The ogre is heavily wounded.
The ogre hits you with a giant club!!
Ouch! That really hurt!
* * * LOW HITPOINT WARNING * * *
You are too injured to fight recklessly!
You slash the ogre!
The ogre is almost dead.
The ogre hits you with a giant club.
You die...

#.# #.# #.# #.# #.# #.#
#.#
##########O###########
#.........@#.........#
#.#######....#######.####
#.# #...<..## #......#
#.# ##......# #.#.##.#
#.# #......# #.#.##.# #.#
##.....# # #.##.# #.#
#....## # #....# #.#
##+#### #.####.#
######.##
##...######.####.#


You could see an ogre.

Vanquished Creatures
  Jessica (D:2)
  Natasha (thrice) (D:2)
  4 adders
  An ooze (D:2)
  A worm (D:3)
  6 leopard geckos
  5 bats
  2 giant cockroaches (D:2)
  13 hobgoblins
  4 jackals (D:1)
  A ball python (D:2)
  4 frilled lizards
  9 goblins
  2 kobolds (D:1)
  9 rats
65 creatures vanquished.

Notes
Turn   | Place    | Note
-------+----------+-------------------------------------------
     0 | D:1      | Hogrash the Hill Orc Gladiator began the quest for the Orb.
     0 | D:1      | Reached XP level 1. HP: 18/18 MP: 1/1
   141 | D:1      | Reached XP level 2. HP: 25/25 MP: 2/2
   497 | D:1      | Reached skill level 5 in Axes
   714 | D:2      | Reached XP level 3. HP: 20/30 MP: 3/3
   718 | D:2      | Reached skill level 1 in Armour
   931 | D:2      | Noticed Jessica
   946 | D:2      | Killed Jessica
   946 | D:2      | Reached skill level 6 in Axes
   946 | D:2      | Reached XP level 4. HP: 31/37 MP: 4/4
   985 | D:2      | Noticed Natasha
   993 | D:2      | Killed Natasha
  1180 | D:2      | Noticed Sigmund
  1208 | D:2      | Reached XP level 5. HP: 42/42 MP: 5/5
  1231 | D:2      | Noticed Natasha
  1237 | D:2      | Killed Natasha
  1237 | D:2      | Reached skill level 7 in Axes
  1308 | D:2      | Noticed Natasha
  1317 | D:2      | Killed Natasha
  1529 | D:2      | Found a blossoming altar of Fedhas.
  2696 | D:4      | Noticed an ogre
  2702 | D:4      | HP: 2/42 [ogre/giant club (27)]
  2708 | D:4      | Slain by an ogre

Skill      XL: |  1  2  3  4  5 |
---------------+----------------+-----
Axes           | 5 6 7 |  7.7
Armour         | 1 2 |  2.3
Fighting       | |  2.4
Throwing       | |  1.7
Dodging        | |  2.4

Action                   |  1- 3 |  4- 6 || total
-------------------------+-------+-------++-------
Melee: War axe           |    91 |   119 ||   210
  Use: Scroll            |       |     4 ||     4
  Eat: Chunk             |       |     6 ||     6
Armor: Leather armour    |    10 |       ||    10
       Plate armour      |    49 |   103 ||   152
       Scale mail        |     1 |       ||     1
       Chain mail        |       |     2 ||     2
Dodge: Dodged            |    35 |    34 ||    69
